 Dungeon Crawl Stone Soup version 0.21.0-8-gf18e19db4a (webtiles) character file.

36431 Rrauwl the Fencer (level 13, 0/98 HPs)
             Began as a Barachi Fighter on Jan 18, 2018.
             Was the Champion of Cheibriados.
             Slain by a torpor snail (10 damage)
             ... on level 6 of the Lair of Beasts.
             The game lasted 01:17:45 (18717 turns).

Rrauwl the Fencer (Barachi Fighter)                Turns: 18717, Time: 01:17:46

Health: 0/98       AC: 14    Str: 42    XL:     13   Next: 90%
Magic:  19/19      EV: 17    Int: 29    God:    Cheibriados [******]
Gold:   987        SH:  7    Dex: 29    Spells: 6/20 levels left

rFire    + . .     SeeInvis .   a - +3 long sword (flame)
rCold    . . .     Gourm    .   M - +0 buckler of Pan-Flutes {rN+ Int+6 Dex+2}
rNeg     + . .     Faith    .   I - +1 scale mail "Zoplozxu" {Str+2 Slay+5}
rPois    .         Spirit   .   (no helmet)
rElec    +         Reflect  .   H - +0 cloak
rCorr    .         Harm     .   T - +2 pair of gloves
MR       .....     Clarity  +   (no boots)
Stlth    ++........             F - amulet of magic regeneration
HPRegen  0.26/turn              K - ring of Joy {+Fly rElec Str+4 Dex-2 Stlth+}
MPRegen  0.41/turn              B - ring of protection from fire

@: slowed, very slow
A: +LOS, swims, clarity, sense surroundings 1, slowness 1, strong legs 2
a: Hop, Bend Time, Temporal Distortion, Slouch, Step From Time, Renounce
Religion, Evoke Flight


You were on level 6 of the Lair of Beasts.
You worshipped Cheibriados.
Cheibriados was exalted by your worship.
You were not hungry.

You visited 3 branches of the dungeon, and saw 17 of its levels.
You also visited: Labyrinth.

You collected 1099 gold pieces.
You spent 112 gold pieces at shops.

Inventory:

Hand Weapons
 a - a +3 long sword of flaming (weapon)
 b - a +0 hunting sling
 E - a +0 demon blade of flaming
Missiles
 D - 57 sling bullets
 L - 5 throwing nets (quivered)
Armour
 H - a +0 cloak (worn)
 I - the +1 scale mail "Zoplozxu" (worn) {Str+2 Slay+5}
   (You found it on level 2 of the Lair of Beasts)

   It affects your strength (+2).
   It affects your accuracy and damage with ranged weapons and melee attacks
   (+5).
 M - the +0 buckler of Pan-Flutes (worn) {rN+ Int+6 Dex+2}
   (You found it on level 2 of the Lair of Beasts)

   It affects your intelligence (+6).
   It affects your dexterity (+2).
   It protects you from negative energy.
 R - a +2 robe of fire resistance
 T - a +2 pair of gloves (worn)
Magical Staves
 O - an uncursed staff of death
Jewellery
 c - a +3 ring of evasion
 k - an uncursed ring of see invisible
 l - an uncursed ring of protection from cold
 t - an uncursed ring of resist corrosion
 B - a ring of protection from fire (right hand)
 F - an amulet of magic regeneration (around neck)
 K - the ring of Joy (left hand) {+Fly rElec Str+4 Dex-2 Stlth+}
   (You found it on level 3 of the Lair of Beasts)

   [ring of stealth]

   It affects your strength (+4).
   It affects your dexterity (-2).
   It insulates you from electricity.
   It lets you fly.
   It makes you more stealthy.
Wands
 g - a wand of clouds (8)
 r - a wand of paralysis (9)
 v - a wand of iceblast (6)
 y - a wand of acid (8)
 A - a wand of disintegration (23)
 C - a wand of polymorph (14)
 Q - a wand of flame (41)
Scrolls
 d - 5 scrolls of remove curse
 f - 2 scrolls of magic mapping
 h - 8 scrolls of teleportation
 i - 9 scrolls of identify
 u - a scroll of amnesia
 z - 2 scrolls of fear
 G - a scroll of silence
 N - a scroll of enchant weapon
 S - 4 scrolls of enchant armour
Potions
 n - 3 potions of curing
 o - 7 potions of flight
 s - a potion of brilliance
Books
 j - a book of Annihilations

   Spells                             Type                      Level
   a - Poison Arrow                   Conjuration/Poison           6
   b - Chain Lightning                Conjuration/Air              8
   c - Lehudib's Crystal Spear        Conjuration/Earth            8
   d - Glaciate                       Conjuration/Ice              9
   e - Fire Storm                     Conjuration/Fire             9
 p - a book of Minor Magic

   Spells                             Type                      Level
   a - Magic Dart                     Conjuration                  1
   b - Blink                          Translocation                2
   c - Call Imp                       Summoning                    2
   d - Slow                           Hexes                        2
   e - Conjure Flame                  Conjuration/Fire             3
   f - Mephitic Cloud                 Conjuration/Poison/Air       3
 q - a book of Spatial Translocations

   Spells                             Type                      Level
   a - Blink                          Translocation                2
   b - Shroud of Golubria             Charms/Translocation         2
   c - Lesser Beckoning               Translocation                3
   d - Gell's Gravitas                Translocation                3
   e - Teleport Other                 Translocation                3
   f - Passage of Golubria            Translocation                4
 J - the Compendium of Ointment
   (You found it in a labyrinth)

   Spells                             Type                      Level
   a - Excruciating Wounds            Charms/Necromancy            5
   b - Venom Bolt                     Conjuration/Poison           5
   c - Alistair's Intoxication        Transmutation/Poison         5
 P - a book of Debilitation

   Spells                             Type                      Level
   a - Corona                         Hexes                        1
   b - Slow                           Hexes                        2
   c - Inner Flame                    Hexes/Fire                   3
   d - Portal Projectile              Hexes/Translocation          3
   e - Cause Fear                     Hexes                        4
   f - Leda's Liquefaction            Hexes/Earth                  4
Miscellaneous
 m - a box of beasts
Comestibles
 e - 11 rations
 w - 4 chunks of flesh


   Skills:
 - Level 8.0 Fighting
 - Level 15.0 Long Blades
 - Level 10.0 Armour
 - Level 6.0 Dodging
 - Level 1.0 Stealth
 - Level 6.0 Shields
 - Level 4.0 Spellcasting
 + Level 7.8 Conjurations
 - Level 6.0 Summonings
 - Level 6.0 Translocations
 - Level 4.0 Transmutations
 + Level 5.3 Earth Magic
 - Level 5.0 Invocations
 - Level 7.0 Evocations


You had 6 spell levels left.
You knew the following spells:

 Your Spells              Type           Power        Failure   Level  Hunger
a - Apportation           Tloc           #####.       1%          1    None
b - Summon Butterflies    Summ           #####...     1%          1    None
c - Passwall              Tmut/Erth      ####......   2%          2    None
d - Blink                 Tloc           N/A          1%          2    None
e - Lehudib's Crystal Sp  Conj/Erth      #####.....   100%        8    #######


Dungeon Overview and Level Annotations

Branches:
Dungeon (10/15)            Temple (1/1) D:5            Lair (6/6) D:10
  Swamp (0/4) Lair:4       Spider (0/4) Lair:2          Orc (0/2) D:10
  Slime: Lair:5-6

Altars:
Ashenzari
Cheibriados
Dithmenos
Elyvilon
Fedhas
Gozag
Hepliaklqana
Kikubaaqudgha
Makhleb
Nemelex Xobeh
Okawaru
Qazlal
Ru
Sif Muna
Trog
Uskayaw
Vehumet
Wu Jian
Xom
Yredelemnul
Zin
The Shining One

Shops:
D:4 !   D:9 (

Annotations:
Lair:3 exclusion: 4 oklob plants


Innate Abilities, Weirdness & Mutations

Shadows flee at your approach. (+LOS)
You can swim through water.
You cover ground slowly.
You can hop long distances.
You possess an exceptional clarity of mind.
You passively map a small area around you.


Message History

Cheibriados appreciates the change of pace.
You slash the torpor snail! You burn the torpor snail.
The torpor snail is lightly wounded.
The torpor snail bites you!
* * * LOW HITPOINT WARNING * * *
You feel much better. The torpor snail bites you!
* * * LOW HITPOINT WARNING * * *
As you read the scroll of fear, it crumbles to dust.
You assume a fearsome visage.
The torpor snail looks frightened!
The crocodile looks frightened!
The torpor snail seems to regain its courage.
The torpor snail bites you.
* * * LOW HITPOINT WARNING * * *
Okay, then.
You slice the torpor snail!! You burn the torpor snail.
The torpor snail is heavily wounded.
You slash the torpor snail! You burn the torpor snail!
The torpor snail is almost dead.
The torpor snail bites you!
You die...

, , .P#* *
#............# ...#.
#...........# , .....##
##......)...#
.....P####.........## ,
, ###P...#.##.†.......#
,
,.........#..#.......#
.P...................#
,
....!...............##
,,
.......P..@.........# *
......##.w..........# ,
.........†..........# ,
,....................##
.....................#
,
.....................#
../.....†............#
.....................#
* ,
,...........?...#.P...#


You could see a torpor snail.

Vanquished Creatures
  A minotaur (Lab)
  Harold (Lair:2)
  A hydra (Lair:2)
  Erica (D:8)
  The ghost of Asanbosam the Cleaver, a novice DDWn of Makhleb (D:9)
  A catoblepas (Lair:2)
  Urug (Lair:2)
  A swamp dragon (Lair:4)
  Pikel (D:8)
  Joseph (D:9)
  A black mamba (Lair:6)
  10 elephants
  9 spiny frogs
  2 rime drakes
  9 komodo dragons
  6 polar bears
  5 jumping spiders (Lair:2)
  2 trolls (D:10)
  20 blink frogs
  7 hippogriffs
  3 redbacks (Lair:2)
  18 yaks
  4 wyverns
  A steam dragon (D:9)
  A hungry ghost (D:9)
  A basilisk (Lair:3)
  Eustachio (D:4)
  4 swamp worms (Lair:2)
  4 porcupines
  10 water moccasins
  A black bear (Lair:2)
  7 orc warriors
  An ice beast (D:6)
  3 sky beasts
  3 slaves (D:8)
  A necrophage (D:8)
  8 ogres
  7 phantoms
  7 centaurs
  14 crocodiles
  6 big kobolds
  8 bullfrogs
  4 gnoll sergeants
  A water moccasin zombie (D:9)
  4 scorpions
  10 killer bees (D:7)
  8 wights
  An electric eel (Lair:4)
  2 howler monkeys
  2 crimson imps
  2 bullfrog zombies
  2 hounds
  A jelly (D:10)
  3 bullfrog skeletons
  12 orc wizards
  2 orc priests
  4 iguanas
  10 worker ants
  A hound zombie (D:6)
  A worker ant zombie (D:7)
  10 gnolls
  8 adders
  7 shadow imps
  An ooze (D:1)
  2 adder zombies (D:9)
  3 adder skeletons
  20 worms
  5 dart slugs
  6 leopard geckos
  28 orcs
  A giant cockroach (D:1)
  5 goblins
  7 hobgoblins
  11 jackals
  A quokka (D:5)
  5 bats
  3 frilled lizards
  A jackal zombie (D:5)
  16 kobolds
  6 rats
  2 fungi
  A plant (D:10)
413 creatures vanquished.

Vanquished Creatures (others)
  4 fungi (Lair:5)
  7 plants
11 creatures vanquished.

Grand Total: 424 creatures vanquished

Notes
Turn   | Place    | Note
-------+----------+-------------------------------------------
     0 | D:1      | Rrauwl the Barachi Fighter began the quest for the Orb.
     0 | D:1      | Reached XP level 1. HP: 18/18 MP: 1/1
    32 | D:1      | Reached XP level 2. HP: 22/25 MP: 2/2
   147 | D:1      | Reached skill level 1 in Dodging
   178 | D:1      | Reached XP level 3. HP: 30/30 MP: 3/3
   509 | D:2      | Reached skill level 3 in Long Blades
   591 | D:2      | Noticed a scorpion
   607 | D:2      | Killed a scorpion
   607 | D:2      | Reached XP level 4. HP: 32/37 MP: 4/4
  1101 | D:2      | Reached XP level 5. HP: 43/43 MP: 5/5
  1104 | D:2      | Found a radiant altar of Vehumet.
  2096 | D:4      | Noticed an ogre
  2107 | D:4      | Killed an ogre
  2107 | D:4      | Reached XP level 6. HP: 31/50 MP: 6/6
  2272 | D:4      | Found Verphod's Distillery.
  2287 | D:4      | Bought a potion of mutation for 112 gold pieces
  2313 | D:4      | Reached skill level 4 in Long Blades
  2342 | D:4      | Found an iron altar of Okawaru.
  2345 | D:4      | Found a burning altar of Makhleb.
  2347 | D:4      | Found a shattered altar of Ashenzari.
  2360 | D:4      | Noticed Eustachio
  2371 | D:4      | Reached skill level 5 in Armour
  2381 | D:4      | Reached skill level 5 in Fighting
  2388 | D:4      | Killed Eustachio
  2388 | D:4      | Reached XP level 7. HP: 36/56 MP: 7/7
  2666 | D:4      | Found a white marble altar of Elyvilon.
  2868 | D:4      | Found a snail-covered altar of Cheibriados.
  2878 | D:4      | Reached skill level 5 in Shields
  2998 | D:4      | Gained mutation: You possess an exceptional clarity of mind. [potion of mutation]
  2998 | D:4      | Gained mutation: You passively map a small area around you. [potion of mutation]
  3167 | D:4      | Became a worshipper of Cheibriados the Contemplative
  3182 | D:5      | Entered Level 5 of the Dungeon
  3212 | D:5      | Reached skill level 5 in Long Blades
  3519 | D:5      | Reached skill level 6 in Long Blades
  3749 | D:5      | Reached skill level 7 in Long Blades
  3797 | D:5      | Reached XP level 8. HP: 48/62 MP: 8/8
  3809 | D:5      | Reached skill level 8 in Long Blades
  3999 | D:5      | Found a hazy altar of Hepliaklqana.
  3999 | D:5      | Found a deep blue altar of Sif Muna.
  4240 | D:5      | Found a staircase to the Ecumenical Temple.
  4253 | Temple   | Entered the Ecumenical Temple
  4664 | D:6      | Reached skill level 9 in Long Blades
  4825 | D:6      | Reached * piety under Cheibriados
  4972 | D:6      | Reached skill level 10 in Long Blades
  5319 | D:6      | Reached XP level 9. HP: 34/68 MP: 9/9
  6022 | D:7      | Reached skill level 11 in Long Blades
  6023 | D:7      | Reached ** piety under Cheibriados
  6744 | D:7      | Reached *** piety under Cheibriados
  7061 | D:7      | Reached skill level 1 in Invocations
  7067 | D:7      | Reached skill level 12 in Long Blades
  7397 | D:8      | Noticed Erica
  7504 | D:8      | Killed Erica
  7504 | D:8      | Reached XP level 10. HP: 77/77 MP: 10/12
  7610 | D:8      | Learned a level 1 spell: Apportation
  7612 | D:8      | Learned a level 1 spell: Summon Butterflies
  7884 | D:8      | Reached skill level 1 in Summonings
  7903 | D:8      | Reached skill level 1 in Translocations
  7988 | D:8      | Reached **** piety under Cheibriados
  7988 | D:8      | Reached skill level 1 in Spellcasting
  8231 | D:8      | Noticed Pikel
  8264 | D:8      | Killed Pikel
  8983 | D:9      | Found Qimod's Weapon Emporium.
  8985 | D:9      | Noticed Joseph
  8999 | D:9      | Killed Joseph
  9672 | D:9      | Noticed Asanbosam's ghost (novice DDWn)
  9699 | D:9      | Reached ***** piety under Cheibriados
  9699 | D:9      | Reached skill level 13 in Long Blades
 10164 | D:9      | Killed Asanbosam's ghost
 10164 | D:9      | Reached XP level 11. HP: 56/86 MP: 14/14
 10524 | D:10     | Entered Level 10 of the Dungeon
 10590 | D:10     | Reached skill level 1 in Evocations
 10826 | D:10     | Found a staircase to the Orcish Mines.
 10839 | D:10     | Reached skill level 5 in Summonings
 10847 | D:10     | Reached skill level 5 in Invocations
 11228 | D:10     | Found a staircase to the Lair.
 11470 | D:10     | Learned a level 2 spell: Passwall
 11718 | Lair:1   | Entered Level 1 of the Lair of Beasts
 11957 | Lair:1   | Learned a level 2 spell: Blink
 12166 | Lair:1   | Reached skill level 1 in Transmutations
 12166 | Lair:1   | Reached skill level 1 in Earth Magic
 12850 | Lair:2   | Noticed a five-headed hydra
 12857 | Lair:2   | Killed a three-headed hydra
 12870 | Lair:2   | Noticed Urug
 13138 | Lair:2   | Killed Urug
 13138 | Lair:2   | Reached XP level 12. HP: 50/92 MP: 16/16
 13196 | Lair:2   | Found a labyrinth entrance.
 13211 | Lair:2   | Reached ****** piety under Cheibriados
 13211 | Lair:2   | Reached skill level 5 in Translocations
 13215 | Lair:2   | Found a hole to the Spider Nest.
 13219 | Lab      | Entered a labyrinth
 13432 | Lab      | Noticed a minotaur
 13439 | Lab      | Killed a minotaur
 13439 | Lab      | Reached skill level 14 in Long Blades
 13439 | Lab      | Reached skill level 5 in Evocations
 13463 | Lab      | Identified the Compendium of Ointment
 13894 | Lair:2   | Noticed a catoblepas
 13907 | Lair:2   | Killed a catoblepas
 13921 | Lair:2   | Got an ichor-stained scale mail
 13932 | Lair:2   | Identified the cursed +1 scale mail "Zoplozxu" {Str+2 Slay+5} (You found it on level 2 of the Lair of Beasts)
 14069 | Lair:2   | Noticed Harold
 14083 | Lair:2   | Killed Harold
 14475 | Lair:2   | Got a distressingly furry buckler
 14486 | Lair:2   | Identified the +0 buckler of Pan-Flutes {rN+ Int+6 Dex+2} (You found it on level 2 of the Lair of Beasts)
 15087 | Lair:3   | Got a scintillating brass ring
 15088 | Lair:3   | Identified the ring of Joy {+Fly rElec Str+4 Dex-2 Stlth+} (You found it on level 3 of the Lair of Beasts)
 15208 | Lair:3   | Learned a level 8 spell: Lehudib's Crystal Spear
 15285 | Lair:3   | Reached skill level 1 in Conjurations
 15408 | Lair:3   | Gained mutation: You can hop long distances. [Barachi growth]
 15408 | Lair:3   | Reached XP level 13. HP: 98/98 MP: 19/19
 15956 | Lair:4   | Reached skill level 1 in Stealth
 16281 | Lair:4   | Reached skill level 15 in Long Blades
 16318 | Lair:4   | Found a staircase to the Swamp.
 16384 | Lair:4   | Reached skill level 5 in Dodging
 16452 | Lair:4   | Reached skill level 10 in Armour
 17206 | Lair:5   | Identified a scroll of acquirement
 17361 | Lair:5   | Reached skill level 5 in Conjurations
 17709 | Lair:5   | Found a shimmering altar of Xom.
 18615 | Lair:6   | Entered Level 6 of the Lair of Beasts
 18657 | Lair:6   | Reached skill level 5 in Earth Magic
 18717 | Lair:6   | Slain by a torpor snail

Skill      XL: |  1  2  3  4  5  6  7  8  9 10 11 12 13 |
---------------+----------------------------------------+-----
Dodging        | 1 2 3 4 6 |  6.0
Fighting       | 4 5 6 8 |  8.0
Armour         | 4 5 7 9 10 | 10.0
Long Blades    | 3 4 7 10 12 13 14 15 | 15.0
Shields        | 4 5 6 |  6.0
Invocations    | 3 4 5 |  5.0
Summonings     | 4 5 6 |  6.0
Translocations | 3 4 6 |  6.0
Spellcasting   | 2 3 4 |  4.0
Evocations     | 4 6 7 |  7.0
Transmutations | 2 4 |  4.0
Earth Magic    | 2 3 5 |  5.3
Conjurations   | 1 7 |  7.8
Stealth        | 1 |  1.0

Action                   |  1- 3 |  4- 6 |  7- 9 | 10-12 | 13-15 || total
-------------------------+-------+-------+-------+-------+-------++-------
Melee: Long sword        |   113 |   118 |   312 |   642 |   274 ||  1459
       Unarmed           |       |       |       |     4 |       ||     4
 Fire: Hunting sling     |       |       |    80 |    97 |       ||   177
 Cast: Summon Butterflie |       |       |       |     8 |       ||     8
       Apportation       |       |       |       |    14 |       ||    14
       Blink             |       |       |       |       |     1 ||     1
Invok: Bend Time         |       |       |       |     1 |       ||     1
 Abil: Hop               |     1 |     1 |       |     1 |       ||     3
Evoke: Wand              |       |       |       |     2 |     6 ||     8
  Use: Potion            |     5 |     5 |     3 |     6 |     3 ||    22
       Scroll            |     3 |     6 |     3 |    12 |     3 ||    27
 Stab: Petrified         |       |       |       |     5 |       ||     5
       Petrifying        |       |       |       |     1 |       ||     1
       Sleeping          |       |       |       |       |     2 ||     2
  Eat: Chunk             |       |     6 |     6 |     6 |     1 ||    19
       Ration            |       |       |     3 |     3 |     1 ||     7
Armor: Scale mail        |    46 |    37 |    61 |   100 |    64 ||   308
       Skin              |     5 |    17 |     5 |       |       ||    27
Dodge: Dodged            |    35 |    34 |   132 |   253 |   155 ||   609
Block: Shield            |    53 |    46 |   168 |   340 |       ||   607
       Buckler           |       |       |       |    16 |    71 ||    87
       Rpst.: Long sword |    11 |    13 |    35 |    70 |    26 ||   155
